 Dungeon Crawl Stone Soup version 0.22-a0-825-ga28c36f (webtiles) character file.

44 inc the Vexing (level 3, 0/14 HPs)
             Began as a Felid Enchanter on July 24, 2018.
             Slain by a worm (10 damage)
             ... on level 3 of the Dungeon.
             The game lasted 00:01:45 (2352 turns).

inc the Vexing (Felid Enchanter)                    Turns: 2352, Time: 00:01:47

Health: 0/14       AC:  1    Str:  4    XL:     3   Next: 39%
Magic:  5/7        EV: 18    Int: 17    God:
Gold:   72         SH:  0    Dex: 16    Spells: 3/6 levels left
                                        Lives:  0   Deaths: 0

rFire    . . .     SeeInvis +     - Unarmed
rCold    . . .     Gourm    .   (shield unavailable)
rNeg     . . .     Faith    .   (armour unavailable)
rPois    .         Spirit   .   (helmet unavailable)
rElec    .         Reflect  .   (cloak unavailable)
rCorr    .         Harm     .   (gloves unavailable)
MR       .....                  (boots unavailable)
Stlth    +++.......             (no amulet)
HPRegen  0.04/turn              (no ring)
MPRegen  0.10/turn              (no ring)

@: quick
A: very small, no armour, no weapons or thrown items, stealth, claws 1, fangs 3,
see invisible, carnivore, speed 1, shaggy fur 1, slow metabolism 1, sharp paws
a: no special abilities


You were on level 3 of the Dungeon.
You were not hungry.

You visited 1 branch of the dungeon, and saw 3 of its levels.

You collected 72 gold pieces.

Inventory:

Scrolls
 c - a scroll of identify {unknown}
 d - a scroll of fog {unknown}
 f - a scroll of remove curse {unknown}
 h - a scroll of random uselessness {unknown}
Potions
 a - a potion of curing {unknown}
 e - a potion of haste {unknown}
 g - a potion of heal wounds {unknown}
Comestibles
 b - 2 rations


   Skills:
 - Level 2.6 Dodging
 - Level 4.0 Stealth
 - Level 1.0 Unarmed Combat
 - Level 2.0 Spellcasting
 + Level 6.6 Hexes


You had 3 spell levels left.
You knew the following spells:

 Your Spells              Type           Power        Failure   Level  Hunger
a - Corona                Hex            ###....      1%          1    #......
b - Ensorcelled Hibernat  Hex/Ice        ##....       8%          2    ###....

Your spell library contained the following spells:

 Spells                   Type           Power        Failure   Level  Hunger
 Confuse                  Hex            ###.....     3%          3    ###....
 Tukima's Dance           Hex            ###.....     3%          3    ###....
 Dazzling Spray           Conj/Hex       ##....       16%         3    ###....


Dungeon Overview and Level Annotations

Branches:
Dungeon (3/15)

Altars:


Innate Abilities, Weirdness & Mutations

You cannot wear armour.
You are incapable of wielding weapons or throwing items.
Your paws allow you to move quietly. (Stealth)
You have sharp claws.
You have razor-sharp teeth.
You have supernaturally acute eyesight. (SInv)
You are carnivorous and can eat meat at any time.
You cover ground quickly.
You are covered in fur. (AC +1)
You have a slow metabolism.
Your sharp claws are effective at attacking unaware monsters.


Message History

Aiming: Ensorcelled Hibernation (safe; 8% risk of failure)
Press: ? - help, Shift-Dir - straight line, f - worm
Aim: a worm (chance to defeat MR: 51%)
The worm looks drowsy...
You start resting.
Magic restored.
The worm bites you.
You see here a quokka corpse.
Casting: Ensorcelled Hibernation (safe; 8% risk of failure)
Confirm with . or Enter, or press ? or * to list all spells.
Aiming: Ensorcelled Hibernation (safe; 8% risk of failure)
Press: ? - help, Shift-Dir - straight line, f/p - worm
Aim: a worm (chance to defeat MR: 51%)
The worm looks drowsy...
The helpless worm fails to defend itself.
You claw the worm!
The worm is heavily wounded.
The worm bites you!
Ouch! That really hurt!
You die...

##.. .#.# ...# ...#
#...##..# #
#.#.....####
..###.[#.......####.
............##......
.......)............
.......@............
......w#....<.......
..########..........
#.........$
#..).......
#..........
..........#
##.........%
#..........


You could see a worm.

Vanquished Creatures
  2 oozes (D:1)
  A dart slug (D:1)
  An orc (D:3)
  A giant cockroach (D:1)
  5 hobgoblins
  2 jackals (D:1)
  5 kobolds
  A quokka (D:3)
  5 bats (D:1)
  3 goblins (D:1)
  4 rats
30 creatures vanquished.

Notes
Turn   | Place    | Note
-------+----------+-------------------------------------------
     0 | D:1      | inc the Felid Enchanter began the quest for the Orb.
     0 | D:1      | Reached XP level 1. HP: 7/7 MP: 4/4
    99 | D:1      | Reached skill level 5 in Hexes
   129 | D:1      | Reached XP level 2. HP: 6/11 MP: 6/6
   716 | D:2      | Learned a level 2 spell: Ensorcelled Hibernation
  1011 | D:1      | Reached skill level 6 in Hexes
  1111 | D:1      | Reached XP level 3. HP: 7/14 MP: 7/7
  2352 | D:3      | Slain by a worm

Vault maps used:
D:1:      enne_arrival_octagon_isle, minmay_misc_feat_enclosed
D:2:      overflow_temple_1_default, serial_forest,
          infiniplex_forest_clump_diagonal, infiniplex_forest_straight_3,
          infiniplex_forest_end_1, infiniplex_forest_zigzag_1,
          infiniplex_forest_clump_long, infiniplex_forest_straight_5
D:3:      uniq_sigmund, uniq_robin

Skill      XL: |  1  2 |
---------------+-------+-----
Hexes          | 5 6 |  6.6
Dodging        | |  2.6
Stealth        | |  4.0
Unarmed Combat | |  1.0
Spellcasting   | |  2.0

Action                   || total
-------------------------++-------
Melee: Unarmed           ||    95
       Bite              ||     5
 Cast: Corona            ||     5
       Ensorcelled Hiber ||    10
 Stab: Sleeping          ||    14
  Eat: Chunk             ||     4
Armor: Skin              ||     9
Dodge: Dodged            ||    81

Table legend:
 A = Spawn XP
 B = Non-spawn XP
 C = Spawn XP percentage of total XP
 D = Spawn monster count
 E = Non-spawn monster count
 F = Spawn count percentage of total count
 G = Total turns spent on level
                    A         B        C        D         E        F      G
               +---------+---------+-------+---------+---------+-------+---------
         Total |       0 |      63 |   0.0 |       0 |      30 |   0.0 |  2352
               +---------+---------+-------+---------+---------+-------+---------
           D:1 |       0 |      53 |   0.0 |       0 |      24 |   0.0 |  1805
           D:2 |       0 |       4 |   0.0 |       0 |       3 |   0.0 |   470
           D:3 |       0 |       6 |   0.0 |       0 |       3 |   0.0 |    77
               +---------+---------+-------+---------+---------+-------+---------
